 Dungeon Crawl Stone Soup version 0.22-a0-423-g4197694 (webtiles) character file.

267 opiumtea the Stinger (level 6, -25/32 HPs)
             Began as a Deep Elf Venom Mage on July 16, 2016.
             Was an Initiate of Qazlal.
             Killed from afar by a scorpion (30 damage)
             ... with an exploding inner flame
             ... hexed by the player character
             ... on level 3 of the Dungeon on May 23, 2018.
             The game lasted 00:48:50 (2689 turns).

opiumtea the Stinger (Deep Elf Venom Mage)          Turns: 2689, Time: 00:48:51

Health: -25/32     AC:  4    Str:  5    XL:     6   Next: 0%
Magic:  1/15       EV: 13    Int: 22    God:    Qazlal [......]
Gold:   169        SH:  0    Dex: 15    Spells: 9/15 levels left

rFire    . . .     SeeInvis .   t - +3 dagger (speed)
rCold    . . .     Gourm    .   (no shield)
rNeg     . . .     Faith    .   a - +0 robe
rPois    .         Spirit   .   j - +0 helmet
rElec    .         Reflect  .   (no cloak)
rCorr    .         Harm     .   (no gloves)
MR       .....                  r - +0 pair of boots
Stlth    ++........             (no amulet)
HPRegen  0.10/turn              (no ring)
MPRegen  0.14/turn              (no ring)

@: no status effects
A: no striking features
a: Renounce Religion


You were on level 3 of the Dungeon.
You worshipped Qazlal.
Qazlal was noncommittal.
You were hungry.

You visited 1 branch of the dungeon, and saw 4 of its levels.

You collected 169 gold pieces.

Inventory:

Hand Weapons
 f - a +0 mace
 g - a +0 whip
 t - a +3 dagger of speed (weapon)
Missiles
 e - 96 stones (quivered)
Armour
 a - a +0 robe (worn)
 d - a +0 ring mail
 i - a +0 animal skin
 j - a +0 helmet (worn)
 k - a +0 robe
 l - a +0 leather armour
 r - a +0 pair of boots (worn)
 w - a +0 leather armour
Wands
 x - a wand of flame (24)
Scrolls
 b - 2 scrolls of identify
 n - 3 scrolls of immolation
 p - a scroll of remove curse {unknown}
 q - 2 scrolls of amnesia {unknown}
 v - a scroll of enchant armour {unknown}
Potions
 o - a potion of cancellation
 u - a potion of lignification {unknown}
Comestibles
 c - 7 rations


   Skills:
 + Level 3.0 Dodging
 - Level 2.5 Stealth
 + Level 5.0 Spellcasting
 + Level 2.8 Conjurations
 + Level 0.6 Air Magic
 + Level 6.1 Poison Magic


You had 9 spell levels left.
You knew the following spells:

 Your Spells              Type           Power        Failure   Level  Hunger
a - Sting                 Conj/Pois      ####         1%          1    None
b - Mephitic Cloud        Conj/Pois/Air  ###.....     9%          3    ##.....
c - Poisonous Vapours     Pois/Air       ###...       3%          2    None

Your spell library contained the following spells:

 Spells                   Type           Power        Failure   Level  Hunger
 Venom Bolt               Conj/Pois      ####......   41%         5    #####..
 Olgreb's Toxic Radiance  Pois           ####....     9%          4    ####...


Dungeon Overview and Level Annotations

Branches:
Dungeon (4/15)
 Temple: D:4-7

Altars:
Elyvilon
Makhleb
Qazlal
Trog

Annotations:
D:3 Venturno's ghost, amateur DrFE
D:4 CapnJeff's ghost, amateur DrTm


Message History

The hound skeleton bites you but does no damage.
The hound skeleton barely misses you.
Found a fizzy inky potion.
There is a stone staircase leading up here.
The hound skeleton misses you. The worm bites you but does no damage.
You climb upwards.
Level annotation: Venturno's ghost, amateur DrFE
Found 24 stones.
There is a stone staircase leading down here.
The scorpion misses you.
Casting: Sting (safe; 1% risk of failure)
Confirm with . or Enter, or press ? or * to list all spells.
Aiming: Sting (safe; 1% risk of failure)
Press: ? - help, Shift-Dir - straight line, f - scorpion
Aim: a scorpion (severely wounded, inner flame)
The sting hits the scorpion.
The scorpion is poisoned.
The scorpion explodes!
The fiery explosion engulfs you!
Ouch! That really hurt!
You die...

...######.....##.####
#......# ..##
##...###.#### #......#
.## ...........#
##.##...## .#
.####.....#####...#...#.
.# #..........._.......
.# #.<...#...#...#####.
#....##...##.## #.
#§#.###......# ##. #§§@#
#....(.# #.. #§§##
#......#####.. #.w#
#.####........ #.# .....
#.# ####...## #.#
...###.. .. ###.#...##
#.# ###. .## #....>..##
#.# # (# #.#.##.### #.#
.# #.#.##.# # #.# .#
#.#.##.# #


You could see a worm (inner flame).

Vanquished Creatures
  A centaur (D:2)
  A bullfrog (D:2)
  A worker ant (D:4)
  Robin (D:2)
  3 adders
  An adder skeleton (D:3)
  3 dart slugs
  3 orcs (D:3)
  7 bats
  A giant cockroach (D:2)
  7 goblins (D:2)
  8 hobgoblins
  5 jackals (D:4)
  A quokka (D:2)
  A ball python (D:4)
  4 frilled lizards
  2 kobolds
  2 rats (D:2)
52 creatures vanquished.

Notes
Turn   | Place    | Note
-------+----------+-------------------------------------------
     0 | D:1      | opiumtea the Deep Elf Venom Mage began the quest for the Orb.
     0 | D:1      | Reached XP level 1. HP: 10/10 MP: 6/6
     5 | D:1      | Upgraded the game from 0.19-a0-994-g3c636f0 to 0.22-a0-423-g4197694
   464 | D:1      | Reached XP level 2. HP: 11/15 MP: 1/8
   529 | D:1      | Reached skill level 5 in Poison Magic
   851 | D:2      | Noticed Robin
   891 | D:2      | Found a white marble altar of Elyvilon.
   900 | D:2      | Reached XP level 3. HP: 17/19 MP: 0/9
  1039 | D:2      | Reached skill level 1 in Conjurations
  1060 | D:2      | Killed Robin
  1196 | D:2      | Learned a level 3 spell: Mephitic Cloud
  1199 | D:2      | Learned a level 2 spell: Poisonous Vapours
  1230 | D:2      | Noticed a centaur
  1241 | D:2      | Killed a centaur
  1241 | D:2      | Reached XP level 4. HP: 6/24 MP: 8/12
  1331 | D:2      | Found a stormy altar of Qazlal.
  1331 | D:2      | Found a bloodstained altar of Trog.
  1339 | D:2      | Became a worshipper of Qazlal Stormbringer
  1530 | D:2      | Noticed a bullfrog
  1547 | D:2      | Killed a bullfrog
  1547 | D:2      | Reached XP level 5. HP: 26/28 MP: 14/14
  1899 | D:3      | Noticed Venturno's ghost (amateur DrFE)
  2054 | D:3      | Found a burning altar of Makhleb.
  2190 | D:3      | Found an oddly glowing altar of Pakellas.
  2505 | D:4      | Reached skill level 5 in Spellcasting
  2570 | D:4      | Noticed CapnJeff's ghost (amateur DrTm)
  2630 | D:4      | Reached skill level 6 in Poison Magic
  2662 | D:4      | Reached XP level 6. HP: 14/32 MP: 0/15
  2689 | D:3      | Killed from afar by a scorpion

Vault maps used:
D:1:      sevenhm_arrival_forest_fort_small_4
D:2:      lemuel_crystal_altar, gammafunk_temple_overflow_elements,
          first_ration, uniq_robin
D:3:      nicolae_overflow_crystal_walls, lemuel_crystal_altar,
          lightli_corner_chamber

Skill      XL: |  1  2  3  4  5 |
---------------+----------------+-----
Poison Magic   | 5 6 |  6.1
Conjurations   | 2 |  2.8
Spellcasting   | 4 5 |  5.0
Dodging        | 3 |  3.0
Stealth        | |  2.5
Air Magic      | |  0.6

Action                   |  1- 3 |  4- 6 || total
-------------------------+-------+-------++-------
Melee: Unarmed           |     1 |       ||     1
       Mace              |    10 |    12 ||    22
       Dagger            |       |    16 ||    16
Throw: Stone             |       |     2 ||     2
 Cast: Sting             |    53 |    22 ||    75
       Poisonous Vapours |       |     8 ||     8
       Mephitic Cloud    |       |     4 ||     4
Evoke: Wand              |       |     1 ||     1
  Use: Potion            |     5 |     2 ||     7
       Scroll            |     5 |     3 ||     8
  Eat: Ration            |     1 |       ||     1
       Chunk             |       |     1 ||     1
Armor: Ring mail         |    30 |       ||    30
       Robe              |     2 |    19 ||    21
       Leather armour    |       |     1 ||     1
Dodge: Dodged            |    34 |    66 ||   100

Table legend:
 A = Spawn XP
 B = Non-spawn XP
 C = Spawn XP percentage of total XP
 D = Spawn monster count
 E = Non-spawn monster count
 F = Spawn count percentage of total count
 G = Total turns spent on level
                    A         B        C        D         E        F      G
               +---------+---------+-------+---------+---------+-------+---------
         Total |       0 |     360 |   0.0 |       0 |      40 |   0.0 |  2684
               +---------+---------+-------+---------+---------+-------+---------
           D:2 |       0 |     275 |   0.0 |       0 |      22 |   0.0 |  1015
           D:3 |       0 |      24 |   0.0 |       0 |       9 |   0.0 |   666
           D:4 |       0 |      61 |   0.0 |       0 |       9 |   0.0 |   206
               +---------+---------+-------+---------+---------+-------+---------
